 Dungeon Crawl Stone Soup version 0.20.1-1-g8b1a95d (webtiles) character file.

1480 vineage the Cudgeler (level 8, 0/49 HPs)
             Began as a Gargoyle Fighter on Sept 20, 2017.
             Slain by a seven-headed hydra (8 damage)
             ... on level 6 of the Dungeon.
             The game lasted 00:06:58 (4562 turns).

vineage the Cudgeler (Gargoyle Fighter)             Turns: 4562, Time: 00:06:59

Health: 0/49       AC: 15    Str: 21    XL:     8   Next: 79%
Magic:  8/8        EV:  9    Int:  9    God:
Gold:   263        SH: 10    Dex: 10    Spells: 7/7 levels left

rFire    . . .     SeeInvis .   a - +0 flail
rCold    . . .     Gourm    .   c - +0 shield
rNeg     + . .     Faith    .   b - +0 scale mail
rPois    ∞         Spirit   .   E - +1 helmet
rElec    +         Reflect  .   u - scarf {repulsion}
rCorr    .         Harm     .   (no gloves)
MR       .....                  (no boots)
Stlth    ..........             j - amulet of regeneration
Regen    0.6/turn               (no ring)
MPRegen  0.2/turn               (no ring)

@: repel missiles
A: negative energy resistance 1, electricity resistance, unbreathing,
petrification resistance, rot immunity, AC +5
a: no special abilities


You were on level 6 of the Dungeon.
You were not hungry.

You visited 1 branch of the dungeon, and saw 6 of its levels.

You collected 263 gold pieces.

Inventory:

Hand Weapons
 a - a +0 flail (weapon)
Armour
 b - a +0 scale mail (worn)
 c - a +0 shield (worn)
 n - a +1 cloak of magic resistance
 s - a +0 cloak
 u - a scarf of repulsion (worn)
 E - a +1 helmet (worn)
Jewellery
 j - an amulet of regeneration (around neck)
 z - an uncursed amulet of guardian spirit {unknown}
Wands
 D - a wand of confusion (22/48)
Scrolls
 h - 3 scrolls of amnesia
 m - 2 scrolls of remove curse
 p - 4 scrolls of magic mapping {unknown}
 q - 4 scrolls of teleportation {unknown}
 v - a scroll of identify
 x - a scroll of enchant weapon {unknown}
 y - a scroll of blinking {unknown}
 C - a scroll of fear {unknown}
Potions
 d - a potion of might
 e - 2 potions of brilliance
 i - a potion of lignification
 l - a potion of magic
 o - 2 potions of curing
 r - a potion of heal wounds {unknown}
 t - 2 potions of haste {unknown}
 w - 3 potions of flight {unknown}
 A - a potion of agility {unknown}
 B - a potion of mutation {unknown}
Comestibles
 f - 6 bread rations
 g - 2 royal jellies
 k - 6 meat rations
 F - 2 chunks of flesh
 G - a fruit


   Skills:
 + Level 5.3 Fighting
 + Level 6.4 Maces & Flails
 + Level 6.1 Armour
 + Level 2.4 Dodging
 + Level 1.2 Stealth
 + Level 6.3 Shields


You had 7 spell levels left.
You didn't know any spells.

Dungeon Overview and Level Annotations

Branches:
Dungeon (6/15)
 Temple: D:4-7

Altars:
Cheibriados
Hepliaklqana
Qazlal
Xom


Innate Abilities, Weirdness & Mutations

You are resistant to torment.
Your stone body is resilient. (AC +5)
You are immune to poison.
You resist negative energy. (rN+)
You are resistant to electric shocks. (rElec)
You can survive without breathing.
You are immune to petrification.
You are immune to rotting.


Message History

The seven-headed hydra closely misses you.
The seven-headed hydra bites you.
* * * LOW HITPOINT WARNING * * *
You block the seven-headed hydra's attack.
You finish putting on your +1 helmet.
You feel better.
The seven-headed hydra bites you but does no damage. x3
The seven-headed hydra barely misses you.
The seven-headed hydra bites you.
* * * LOW HITPOINT WARNING * * *
You block the seven-headed hydra's attack. x2
It was a potion of magic.
Magic courses through your body.
The seven-headed hydra bites you but does no damage.
You block the seven-headed hydra's attack.
The seven-headed hydra bites you.
* * * LOW HITPOINT WARNING * * *
The seven-headed hydra bites you but does no damage.
The seven-headed hydra closely misses you.
The seven-headed hydra bites you!
You die...

#.#
#.#
#.#
#.##
#..#
##.#
##.#
#..#
#@##
#D#
#...#
#.##.#
# ###


You could see a seven-headed hydra.

Vanquished Creatures
  An orc warrior (D:6)
  An ice beast (D:6)
  An ogre (D:5)
  A phantom (D:3)
  3 centaurs (D:5)
  A scorpion (D:4)
  A water moccasin skeleton (D:4)
  A howler monkey (D:6)
  6 crimson imps
  2 bullfrog skeletons (D:5)
  A jelly (D:5)
  3 orc wizards
  An orc priest (D:4)
  Crazy Yiuf (D:3)
  An iguana (D:4)
  3 worker ants
  A killer bee zombie (D:5)
  A hound zombie (D:6)
  7 adders
  2 shadow imps (D:5)
  An ooze (D:1)
  2 worms (D:3)
  3 dart slugs
  2 leopard geckos (D:1)
  19 orcs
  3 bats
  5 giant cockroaches
  11 goblins
  7 hobgoblins
  A jackal (D:3)
  3 quokkas
  3 ball pythons
  3 frilled lizards (D:1)
  10 kobolds
  A leopard gecko skeleton (D:5)
  A leopard gecko zombie (D:5)
  5 rats
119 creatures vanquished.

Vanquished Creatures (others)
  A jackal (D:3)
1 creature vanquished.

Grand Total: 120 creatures vanquished

Notes
Turn   | Place    | Note
-------+----------+-------------------------------------------
     0 | D:1      | vineage the Gargoyle Fighter began the quest for the Orb.
     0 | D:1      | Reached XP level 1. HP: 14/14 MP: 1/1
   145 | D:1      | Reached XP level 2. HP: 19/19 MP: 2/2
   565 | D:1      | Reached XP level 3. HP: 17/23 MP: 3/3
   875 | D:2      | Noticed an air elemental
   877 | D:2      | Found a stormy altar of Qazlal.
   984 | D:2      | Noticed a water elemental
   985 | D:2      | Noticed a fire elemental
   985 | D:2      | Noticed an earth elemental
  1516 | D:3      | Reached XP level 4. HP: 16/29 MP: 4/4
  1677 | D:3      | Found a hazy altar of Hepliaklqana.
  1844 | D:3      | Found a shimmering altar of Xom.
  1891 | D:3      | Reached XP level 5. HP: 33/33 MP: 5/5
  2112 | D:3      | Found a runed door.
  2116 | D:3      | Noticed Crazy Yiuf
  2120 | D:3      | Killed Crazy Yiuf
  2172 | D:3      | Reached XP level 6. HP: 38/38 MP: 6/6
  2398 | D:3      | Noticed a phantom
  2429 | D:3      | Killed a phantom
  2429 | D:3      | Reached skill level 1 in Dodging
  2611 | D:4      | Reached skill level 5 in Shields
  2684 | D:4      | Reached XP level 7. HP: 43/43 MP: 7/7
  2715 | D:4      | Reached skill level 1 in Stealth
  2804 | D:4      | Reached skill level 5 in Armour
  3202 | D:4      | Found a snail-covered altar of Cheibriados.
  3353 | D:5      | Entered Level 5 of the Dungeon
  3376 | D:5      | Reached skill level 5 in Maces & Flails
  3610 | D:5      | Reached XP level 8. HP: 46/48 MP: 8/8
  4195 | D:5      | Reached skill level 5 in Fighting
  4554 | D:6      | Noticed a seven-headed hydra
  4562 | D:6      | Slain by a seven-headed hydra

Skill      XL: |  1  2  3  4  5  6  7  8 |
---------------+-------------------------+-----
Shields        | 4 5 6 |  6.3
Armour         | 4 5 6 |  6.1
Maces & Flails | 3 4 5 6 |  6.4
Fighting       | 4 5 |  5.3
Dodging        | 1 2 |  2.4
Stealth        | 1 |  1.2

Action                   |  1- 3 |  4- 6 |  7- 9 || total
-------------------------+-------+-------+-------++-------
Melee: Flail             |   144 |   171 |   290 ||   605
       Unarmed           |       |     4 |       ||     4
  Use: Scroll            |       |     6 |       ||     6
       Potion            |       |       |     2 ||     2
 Stab: Invisible         |       |     2 |       ||     2
  Eat: Chunk             |     2 |     4 |     5 ||    11
       Royal jelly       |       |       |     1 ||     1
Armor: Scale mail        |    87 |   106 |   164 ||   357
Dodge: Dodged            |    44 |    76 |   116 ||   236
       Deflected         |       |       |     7 ||     7
Block: Shield            |    87 |   105 |   165 ||   357
